 Dungeon Crawl Stone Soup version 0.27-a0-951-gae3e1deef5 (webtiles) character file.

Game seed: 3853570839967830049

32 polve the Cutter (level 3, -2/29 HPs)
             Began as a Demonspawn Abyssal Knight on Apr 11, 2021.
             Was a Follower of Lugonu.
             Slain by an adder (4 damage)
             ... on level 2 of the Dungeon.
             The game lasted 00:01:20 (1658 turns).

polve the Cutter (Demonspawn Abyssal Knight)        Turns: 1658, Time: 00:01:20

Health: -2/29      AC:  3    Str: 12    XL:     3   Next: 8%
Magic:  4/4        EV: 11    Int: 14    God:    Lugonu [*.....]
Gold:   63         SH:  0    Dex: 12    Spells: 2/2 levels left

rFire    . . .     SeeInvis .   a - +1 short sword
rCold    . . .     Faith    .   (no shield)
rNeg     . . .     Spirit   .   b - +0 leather armour
rPois    .         Reflect  .   (no helmet)
rElec    .         Harm     .   (no cloak)
rCorr    .         Rampage  .   (no gloves)
Will     .....                  (no boots)
Stlth    +.........             (no amulet)
HPRegen  0.09/turn              (no ring)
MPRegen  0.09/turn              (no ring)

@: no status effects
A: powered by pain 1
a: Renounce Religion, Depart the Abyss


You were on level 2 of the Dungeon.
You worshipped Lugonu.
Lugonu was aware of your devotion.
You visited 1 branch of the dungeon, and saw 2 of its levels.
You visited the Abyss 1 time.

You collected 63 gold pieces.

Inventory:

Hand Weapons
 a - a +1 short sword (weapon)
Armour
 b - a +0 leather armour (worn)
Scrolls
 d - a scroll of enchant armour {unknown}
 f - a scroll of magic mapping {unknown}
Potions
 c - a potion of magic {unknown}
 e - a potion of lignification {unknown}
 g - 2 potions of haste {unknown}


   Skills:
 - Level 3.0 Fighting
 + Level 3.2 Short Blades
 - Level 1.7 Armour
 - Level 0.8 Dodging
 - Level 2.4 Invocations


You had 2 spell levels left.
You didn't know any spells.
Your spell library was empty.

Dungeon Overview and Level Annotations

Branches:
Dungeon (2/15)

Altars:

Shops:
D:1 ?


Innate Abilities, Weirdness & Mutations

You sometimes gain a little power by taking damage.


Message History

You are too injured to fight recklessly!
You are too injured to fight recklessly!
You are too injured to fight recklessly!
You are too injured to fight recklessly!
You are too injured to fight recklessly!
You are too injured to fight recklessly!
You are too injured to fight recklessly!
You are too injured to fight recklessly!
You are too injured to fight recklessly!
You are too injured to fight recklessly!
You are too injured to fight recklessly!
You feel sick.
You feel sick.
You feel sick. The adder bites you.
You feel sick.
You feel sick. The adder misses you.
You feel sick.
You are no longer poisoned.
The adder closely misses you. x2
The adder bites you. The adder closely misses you. The adder barely misses you.
The adder closely misses you. The adder closely misses you.
The adder bites you.
* * * LOW HITPOINT WARNING * * *
The adder bites you but does no damage. The adder bites you.
* * * LOW HITPOINT WARNING * * *
The adder misses you. The adder bites you but does no damage.
The adder bites you.
* * * LOW HITPOINT WARNING * * *
The adder misses you. The adder closely misses you.
The adder bites you but does no damage. The adder closely misses you.
The adder bites you.
* * * LOW HITPOINT WARNING * * *
The adder completely misses you. The adder closely misses you.
The adder bites you.
You die...

#.# #.# #.# #.# #..#.# #.#
#..#.# #######.#
##..#.##########.......#
#...#.#...........).....
#.#.#.#@########.######.
.######.#.#.#S# ##.## #.
............#w#######...#####.
#......w...##..............
#.##.#.######.####...####.#
...[... #.# ##.## #.#
#..#.#.#.# #.# #.# #.#
#..#.#.#.# #># #.#####.# #.
#...# # #.# #........


You could see a worm and an adder.

Vanquished Creatures
  An adder (D:2)
  A dart slug (D:1)
  2 endoplasms (D:1)
  2 goblins
  6 hobgoblins
  A ball python (D:1)
  2 bats (D:1)
  2 frilled lizards (D:1)
  3 kobolds (D:1)
  A rat (D:1)
21 creatures vanquished.

Notes
Turn   | Place    | Note
-------+----------+-------------------------------------------
     0 | Abyss:1  | polve the Demonspawn Abyssal Knight began the quest for the
                  | Orb.
     0 | Abyss:1  | Reached XP level 1. HP: 18/18 MP: 2/2
    68 | Abyss:1  | Noticed a small abomination
    69 | D:1      | Escaped the Abyss
   295 | D:1      | Gained mutation: You sometimes gain a little power by
                  | taking damage. [demonic ancestry]
   295 | D:1      | Reached XP level 2. HP: 24/24 MP: 3/3
   315 | D:1      | Reached * piety under Lugonu
   577 | D:1      | Found Pahogedgh's Magic Scroll Shop.
  1224 | D:2      | Reached XP level 3. HP: 12/29 MP: 4/4
  1486 | D:2      | Found a faded altar of an unknown god.
  1658 | D:2      | Slain by an adder

Illustrated notes

Levels and vault maps discovered:
D:1:      lightli_molten_gateway, layout_loops_ring, serial_shops, shop,
          st_stairs_14, serial_bayou_pond_c
D:2:      layout_loops_ring, ebering_ecumenical_altar_hall, minmay_tetromino_t4

Skill      XL: |  1  2 |
---------------+-------+-----
Short Blades   | 2 3 |  3.2
Fighting       | |  3.0
Armour         | |  1.7
Dodging        | |  0.8
Invocations    | |  2.4

Action                   || total
-------------------------++-------
Melee: Short sword       ||    79
Invok: Depart the Abyss  ||     1
Armor: Leather armour    ||    21
Dodge: Dodged            ||    51

Table legend: (Time is in decaauts)
 A = Elapsed time spent in this place.
 B = Non-inter-level travel time spent in this place.
 C = Inter-level travel time spent in this place.
 D = Time resting spent in this place.
 E = Time spent auto-exploring this place.
 F = Levels seen in this place.
 G = Mean time per level.
                   A        B        C        D        E       F      G
               +--------+--------+--------+--------+--------+-----+--------+
         Total |   1659 |   1643 |     16 |      0 |   1450 |   3 |  553.0 |
       Dungeon |   1590 |   1574 |     16 |      0 |   1383 |   2 |  795.0 |
         Abyss |     69 |     69 |      0 |      0 |     67 |   1 |   69.0 |
               +--------+--------+--------+--------+--------+-----+--------+

Top non-repeatable levels by time:
     D:1: 1093 daAuts
     D:2: 497 daAuts
 Abyss:1: 69 daAuts
